 Dungeon Crawl Stone Soup version 0.23.2-32-g37ab1d4649 (webtiles) character file.

Game seed: 10875072122601780089

2104 Mrkan the Grappler (level 9, -1/89 HPs)
             Began as a Troll Monk on June 26, 2019.
             Was a High Priest of Okawaru.
             Slain by an unseen horror (6 damage)
             ... on level 5 of the Dungeon.
             The game lasted 00:09:09 (3700 turns).

Mrkan the Grappler (Troll Monk)                     Turns: 3700, Time: 00:09:09

Health: -1/89      AC:  7    Str: 21    XL:     9   Next: 7%
Magic:  8/8        EV: 10    Int:  9    God:    Okawaru [*****.]
Gold:   155        SH:  0    Dex: 12    Spells: 8/8 levels left

rFire    . . .     SeeInvis +     - Unarmed
rCold    . . .     Gourm    +   (no shield)
rNeg     . . .     Faith    .   a - +1 robe
rPois    .         Spirit   .   (helmet restricted)
rElec    .         Reflect  .   (no cloak)
rCorr    .         Harm     .   (gloves unavailable)
MR       .....                  (boots unavailable)
Stlth    ++........             (no amulet)
HPRegen  0.64/turn              l - ring of see invisible
MPRegen  0.11/turn              (no ring)

@: no status effects
A: large, unfitting armour, claws 3, fast metabolism 3, gourmand, regeneration
1, shaggy fur 1, tough skin 3
a: Heroism, Finesse, Renounce Religion


You were on level 5 of the Dungeon.
You worshipped Okawaru.
Okawaru was extremely pleased with you.
You were very full.

You visited 1 branch of the dungeon, and saw 5 of its levels.

You collected 155 gold pieces.

Inventory:

Hand Weapons
 p - a +1 blowgun
 z - a +0 giant spiked club
Missiles
 q - 16 poisoned needles
 s - 37 stones (quivered)
Armour
 a - a +1 robe (worn)
Jewellery
 l - a ring of see invisible (left claw)
 r - an uncursed ring of ice
Wands
 k - a wand of clouds (1)
 m - a wand of digging (6)
Scrolls
 e - 3 scrolls of teleportation
 f - 4 scrolls of identify
 j - 2 scrolls of remove curse
 n - a scroll of blinking
 w - a scroll of enchant armour
Potions
 c - 2 potions of lignification {unknown}
 g - a potion of berserk rage {unknown}
 h - a potion of curing
 i - a potion of flight {unknown}
 t - a potion of heal wounds {unknown}
 u - a potion of haste {unknown}
 A - a potion of brilliance {unknown}
Comestibles
 b - 8 rations


   Skills:
 + Level 6.2 Fighting
 - Level 2.4 Dodging
 - Level 1.0 Stealth
 * Level 10.2 Unarmed Combat


You had 8 spell levels left.
You didn't know any spells.
Your spell library contained the following spells:

 Spells                   Type           Power        Failure   Level  Hunger
 Summon Small Mammal      Summ           #...         38%         1    ##.....
 Call Imp                 Summ           #.......     52%         2    ###....
 Call Canine Familiar     Summ           #.......     77%         3    ####...
 Summon Guardian Golem    Hex/Summ       #.......     77%         3    ####...
 Summon Ice Beast         Ice/Summ       #.......     99%         4    #####..
 Summon Lightning Spire   Summ/Air       #.......     99%         4    #####..


Dungeon Overview and Level Annotations

Branches:
Dungeon (5/15)
 Temple: D:4-7

Altars:
Gozag
Hepliaklqana
Nemelex Xobeh
Okawaru
Ru
Sif Muna
Yredelemnul

Shops:
D:4 *

Annotations:
D:3 2 transporters, Descartes's ghost, amateur FoAK


Innate Abilities, Weirdness & Mutations

You are too large for most types of armour.
You have claws for hands.
Your metabolism is lightning-fast.
You like to eat raw meat.
Your natural rate of healing is unusually fast.
You are covered in fur. (AC +1)
You have extremely tough skin. (AC +3)


Message History

You feel better. The unseen horror closely misses you.
The unseen horror hits you.
* * * LOW HITPOINT WARNING * * *
You barely miss the unseen horror.
The unseen horror is lightly wounded.
The unseen horror hits you.
* * * LOW HITPOINT WARNING * * *
The unseen horror closely misses you.
Items here: ))) †† a +0 giant club x3; an ogre corpse x2
The unseen horror hits you but does no damage.
The unseen horror hits you.
* * * LOW HITPOINT WARNING * * *
The unseen horror barely misses you.
You feel better. The unseen horror hits you.
* * * LOW HITPOINT WARNING * * *
The unseen horror hits you.
* * * LOW HITPOINT WARNING * * *
The unseen horror hits you.
You die...

,,,,,,,***********,,.$.,,,,,,,**,
,,**<,,* *,....,,,,....,,
,,*,,,,* ##..######...###
*,,,,,** #######...#..........#
*,,,*** ##.......###.....?...(.
*,,** ##....................#,
,,** #...........#.........#. ,**
#...<.......#..........( *****
#......@x...###..##.#*,, ,,,,*
##..........)%..#...#,*,
,,,,******#....#...###..#.##..#*,
,,,,,,,,,...######## #..##.#*#.:#
,,,,****####* #$...#..**#. ,,,,*
##....##.,** ,,,,* ##.......,,
***** *#......,* *######**


You could see an unseen horror (invisible).

Vanquished Creatures
  A two-headed ogre (D:4)
  3 ice beasts
  4 ogres
  A phantom (D:4)
  A scorpion (D:4)
  A water moccasin skeleton (D:4)
  A howler monkey (D:4)
  2 crimson imps
  A hound (D:5)
  2 orc priests (D:3)
  A jelly (D:5)
  Jessica (D:2)
  An iguana (D:4)
  3 orc wizards
  2 worker ants (D:4)
  8 gnolls (D:4)
  9 adders
  2 oozes
  An adder skeleton (D:4)
  4 worms (D:3)
  3 dart slugs
  7 leopard geckos
  13 orcs
  3 ball pythons (D:1)
  14 bats
  4 giant cockroaches
  10 goblins
  18 hobgoblins
  8 jackals
  2 quokkas (D:3)
  5 frilled lizards
  A jackal skeleton (D:5)
  6 kobolds
  A leopard gecko zombie (D:5)
  A quokka skeleton (D:4)
  11 rats
156 creatures vanquished.

Notes
Turn   | Place    | Note
-------+----------+-------------------------------------------
     0 | D:1      | Mrkan the Troll Monk began the quest for the Orb.
     0 | D:1      | Reached XP level 1. HP: 22/22 MP: 0/0
    77 | D:1      | Reached XP level 2. HP: 29/29 MP: 1/1
   359 | D:1      | Reached XP level 3. HP: 36/36 MP: 2/2
   481 | D:1      | Reached skill level 4 in Unarmed Combat
   792 | D:2      | Found a sparkling altar of Nemelex Xobeh.
   847 | D:2      | Reached XP level 4. HP: 41/45 MP: 3/3
  1129 | D:2      | Noticed Jessica
  1141 | D:2      | Killed Jessica
  1141 | D:2      | Reached skill level 5 in Unarmed Combat
  1141 | D:2      | Reached XP level 5. HP: 48/53 MP: 4/4
  1219 | D:2      | Found an iron altar of Okawaru.
  1227 | D:2      | Became a worshipper of Warmaster Okawaru
  1227 | D:2      | Reached * piety under Okawaru
  1227 | D:2      | Reached ** piety under Okawaru
  1514 | D:3      | Found a transporter.
  1515 | D:3      | Noticed Descartes's ghost (amateur FoAK)
  1516 | D:3      | Noticed an ogre
  1520 | D:3      | Found a transporter.
  1520 | D:3      | Noticed an ogre
  1626 | D:3      | Noticed an ice beast
  1637 | D:3      | HP: 2/53 [ice beast (8)]
  1646 | D:3      | Killed an ice beast
  1646 | D:3      | Reached skill level 6 in Unarmed Combat
  1646 | D:3      | Reached XP level 6. HP: 8/62 MP: 5/5
  1804 | D:3      | Found a basalt altar of Yredelemnul.
  2134 | D:3      | Found an opulent altar of Gozag.
  2561 | D:4      | Reached XP level 7. HP: 41/70 MP: 6/6
  2584 | D:4      | Found Wapeduba's Assorted Antiques.
  2612 | D:4      | Reached skill level 7 in Unarmed Combat
  2643 | D:4      | Reached *** piety under Okawaru
  2659 | D:4      | Found a hazy altar of Hepliaklqana.
  2659 | D:4      | Found a sacrificial altar of Ru.
  2879 | D:4      | Found a deep blue altar of Sif Muna.
  2907 | D:4      | Reached skill level 8 in Unarmed Combat
  3002 | D:4      | Noticed a two-headed ogre
  3042 | D:4      | Killed a two-headed ogre
  3042 | D:4      | Reached **** piety under Okawaru
  3042 | D:4      | Reached skill level 5 in Fighting
  3042 | D:4      | Reached skill level 9 in Unarmed Combat
  3042 | D:4      | Reached XP level 8. HP: 4/83 MP: 4/7
  3541 | D:5      | Entered Level 5 of the Dungeon
  3646 | D:5      | Noticed an unseen horror
  3654 | D:5      | Reached skill level 10 in Unarmed Combat
  3659 | D:5      | Reached ***** piety under Okawaru
  3659 | D:5      | Reached XP level 9. HP: 34/89 MP: 8/8
  3696 | D:5      | HP: 4/89 [unseen horror (6)]
  3700 | D:5      | Slain by an unseen horror

Skill      XL: |  1  2  3  4  5  6  7  8 |
---------------+-------------------------+-----
Unarmed Combat | 4 5 6 9 10 | 10.2
Fighting       | 3 4 5 6 |  6.2
Dodging        | |  2.4
Stealth        | |  1.0

Action                   |  1- 3 |  4- 6 |  7- 9 || total
-------------------------+-------+-------+-------++-------
Melee: Unarmed           |   107 |   201 |   116 ||   424
       Punch             |     1 |     4 |     4 ||     9
Invok: Heroism           |       |       |     2 ||     2
  Use: Scroll            |       |       |    10 ||    10
       Potion            |       |       |     2 ||     2
 Stab: Sleeping          |     3 |     3 |     2 ||     8
  Eat: Chunk             |    13 |    16 |     9 ||    38
Armor: Robe              |    56 |    78 |    35 ||   169
Dodge: Dodged            |    81 |   124 |    54 ||   259
